[ AOE2 MATCH · #495731089 ]
UnrankedHuns vs Hindustanis
Player's team · WIN
[ REPLAY ANALYSIS · EXTRACTED FROM THE RECORDED GAME ]
Feudal
9:16
Castle
24:06
Imperial
—
| APM avg | 78.2 |
| APM peak | 115 |
| eAPM avg | 26.8 |
| Villagers / military | 101 / 110 |
Focus
⚔️ 45.7% · 🌾 54.3%
Archer ×58 · Knight ×30 · Skirmisher ×7 · Scout Cavalry ×7 · Spearman ×4 · Monk ×2
Feudal
8:51
Castle
23:40
Imperial
—
| APM avg | 74.3 |
| APM peak | 198 |
| eAPM avg | 37.1 |
| Villagers / military | 142 / 140 |
Focus
⚔️ 61.2% · 🌾 38.8%
Archer ×103 · Scout Cavalry ×14 · Camel Scout ×11 · Monk ×4 · Scorpion ×3 · Mangonel ×2
Match map
Initial resources + every placement click. Lines = walls · curves = elevation contours. ◆ gold · ⬟ stone · ● berries · ✦ relic · ◌ wall gap
Your base· ✓ Closed at 24:06 · 42t walls · 1 gate(s)
CNZS_Daniel's base· Open — 6t gap
Smoothed initial terrain · ◌ = detected wall gap · hover for details
Inputs per minute
— KSV - - CNZS_Daniel
Build order — KSV
First 150 of 303 actions detected
| 0:01 | Create | Villager (Male) |
| 0:01 | Create | Villager (Male) |
| 0:01 | Create | Villager (Male) |
| 0:02 | Create | Villager (Male) |
| 1:17 | Build | Palisade Wall |
| 1:19 | Create | Villager (Male) |
| 1:42 | Create | Villager (Male) |
| 1:42 | Create | Villager (Male) |
| 1:44 | Build | Palisade Wall |
| 2:12 | Create | Villager (Male) |
| 2:48 | Create | Villager (Male) |
| 2:48 | Create | Villager (Male) |
| 3:14 | Create | Villager (Male) |
| 3:47 | Create | Villager (Male) |
| 4:24 | Build | Lumber Camp |
| 4:33 | Create | Villager (Male) |
| 4:40 | Create | Villager (Male) |
| 5:13 | Create | Villager (Male) |
| 5:34 | Create | Villager (Male) |
| 5:42 | Create | Villager (Male) |
| 6:08 | Create | Villager (Male) |
| 6:26 | Build | Mill |
| 6:37 | Research | Loom |
| 7:06 | Research | Feudal Age |
| 7:24 | Build | Palisade Wall |
| 7:25 | Build | Palisade Wall |
| 7:55 | Build | Palisade Wall |
| 7:56 | Build | Barracks |
| 8:52 | Create | Villager (Male) |
| 9:13 | Create | Villager (Male) |
| 9:16 | Age | Feudal Age |
| 9:20 | Build | Stable |
| 9:23 | Create | Spearman |
| 9:24 | Research | Double-Bit Axe |
| 9:30 | Build | Palisade Wall |
| 9:39 | Create | Villager (Male) |
| 10:03 | Create | Villager (Male) |
| 10:04 | Create | Scout Cavalry |
| 10:10 | Build | Farm |
| 10:19 | Create | Scout Cavalry |
| 10:21 | Create | Spearman |
| 10:23 | Build | Farm |
| 10:48 | Create | Villager (Male) |
| 10:54 | Build | Farm |
| 10:56 | Build | Farm |
| 11:00 | Create | Villager (Male) |
| 11:16 | Create | Scout Cavalry |
| 11:31 | Build | Archery Range |
| 11:48 | Create | Villager (Male) |
| 12:08 | Create | Villager (Male) |
| 12:15 | Create | Scout Cavalry |
| 12:16 | Create | Villager (Male) |
| 12:20 | Build | Mining Camp |
| 12:25 | Create | Villager (Male) |
| 12:50 | Create | Villager (Male) |
| 12:57 | Create | Archer |
| 13:06 | Create | Villager (Male) |
| 13:20 | Create | Archer |
| 13:24 | Create | Villager (Male) |
| 13:32 | Build | Farm |
| 13:46 | Build | Palisade Wall |
| 13:49 | Build | Farm |
| 13:51 | Create | Archer |
| 13:54 | Create | Scout Cavalry |
| 14:07 | Create | Spearman |
| 14:09 | Build | Farm |
| 14:17 | Build | Blacksmith |
| 14:27 | Build | Farm |
| 14:27 | Build | Farm |
| 14:30 | Create | Villager (Male) |
| 14:36 | Create | Archer |
| 14:50 | Build | Farm |
| 15:00 | Create | Villager (Male) |
| 15:35 | Create | Archer |
| 15:37 | Create | Scout Cavalry |
| 15:39 | Create | Villager (Male) |
| 15:40 | Build | Farm |
| 15:57 | Build | Archery Range |
| 16:04 | Create | Archer |
| 16:04 | Create | Archer |
| 16:06 | Create | Villager (Male) |
| 16:08 | Build | Farm |
| 16:11 | Build | Farm |
| 16:12 | Build | Farm |
| 16:26 | Create | Scout Cavalry |
| 16:28 | Create | Villager (Male) |
| 16:40 | Create | Archer |
| 16:41 | Create | Villager (Male) |
| 17:00 | Create | Villager (Male) |
| 17:21 | Create | Skirmisher |
| 17:24 | Build | Farm |
| 17:26 | Build | Farm |
| 17:28 | Build | Farm |
| 17:31 | Build | Farm |
| 17:33 | Research | Fletching |
| 17:34 | Create | Skirmisher |
| 17:35 | Create | Skirmisher |
| 17:35 | Create | Skirmisher |
| 17:46 | Create | Villager (Male) |
| 17:54 | Create | Skirmisher |
| 18:13 | Research | Padded Archer Armor |
| 18:19 | Create | Villager (Male) |
| 18:26 | Create | Villager (Male) |
| 18:27 | Create | Skirmisher |
| 18:43 | Create | Villager (Male) |
| 18:44 | Create | Skirmisher |
| 18:46 | Create | Archer |
| 18:46 | Create | Archer |
| 18:49 | Create | Spearman |
| 18:51 | Build | Farm |
| 18:51 | Build | Farm |
| 19:11 | Create | Archer |
| 19:12 | Create | Villager (Male) |
| 19:36 | Create | Villager (Male) |
| 19:59 | Create | Villager (Male) |
| 20:01 | Create | Archer |
| 20:33 | Create | Villager (Male) |
| 20:35 | Build | Market |
| 20:39 | Build | Market |
| 20:42 | Create | Archer |
| 21:04 | Create | Archer |
| 21:07 | Create | Villager (Male) |
| 21:11 | Build | Palisade Wall |
| 21:25 | Build | Palisade Gate |
| 21:26 | Research | Castle Age |
| 21:46 | Create | Archer |
| 21:46 | Create | Archer |
| 21:56 | Research | Bloodlines |
| 22:03 | Build | Palisade Wall |
| 22:15 | Build | Farm |
| 22:16 | Research | Horse Collar |
| 22:17 | Research | Horse Collar |
| 22:24 | Create | Archer |
| 22:24 | Create | Archer |
| 22:40 | Research | Gold Mining |
| 22:56 | Create | Archer |
| 23:17 | Create | Archer |
| 23:17 | Create | Archer |
| 23:38 | Create | Archer |
| 23:45 | Research | Scale Barding Armor |
| 24:06 | Age | Castle Age |
| 24:09 | Research | Crossbowman (upgrade) |
| 24:10 | Research | Bodkin Arrow |
| 24:10 | Create | Villager (Male) |
| 24:20 | Create | Knight |
| 24:25 | Create | Villager (Male) |
| 24:32 | Create | Archer |
| 24:59 | Create | Villager (Male) |
| 25:20 | Create | Villager (Male) |
| 25:22 | Create | Knight |
Build order — CNZS_Daniel
First 150 of 396 actions detected
| 0:01 | Create | Villager (Male) |
| 0:01 | Create | Villager (Male) |
| 0:01 | Create | Villager (Male) |
| 0:02 | Build | House |
| 0:03 | Build | House |
| 0:05 | Create | Villager (Male) |
| 1:07 | Create | Villager (Male) |
| 1:31 | Create | Villager (Male) |
| 1:32 | Create | Villager (Male) |
| 2:02 | Create | Villager (Male) |
| 2:02 | Create | Villager (Male) |
| 2:16 | Build | Mill |
| 2:25 | Create | Villager (Male) |
| 2:25 | Create | Villager (Male) |
| 2:57 | Create | Villager (Male) |
| 3:10 | Create | Villager (Male) |
| 3:10 | Create | Villager (Male) |
| 3:12 | Create | Villager (Male) |
| 3:12 | Create | Villager (Male) |
| 3:49 | Build | House |
| 3:59 | Create | Villager (Male) |
| 3:59 | Create | Villager (Male) |
| 3:59 | Create | Villager (Male) |
| 4:14 | Create | Villager (Male) |
| 4:24 | Research | Loom |
| 5:47 | Build | Lumber Camp |
| 6:16 | Research | Feudal Age |
| 6:50 | Build | House |
| 7:22 | Create | Villager (Male) |
| 7:53 | Build | Barracks |
| 8:42 | Create | Villager (Male) |
| 8:51 | Age | Feudal Age |
| 8:53 | Build | Stable |
| 8:57 | Create | Villager (Male) |
| 9:04 | Research | Double-Bit Axe |
| 9:04 | Research | Double-Bit Axe |
| 9:18 | Create | Villager (Male) |
| 9:26 | Create | Villager (Male) |
| 9:30 | Create | Spearman |
| 9:34 | Create | Villager (Male) |
| 9:38 | Build | Mill |
| 9:40 | Create | Scout Cavalry |
| 9:40 | Create | Scout Cavalry |
| 9:40 | Create | Scout Cavalry |
| 9:44 | Create | Villager (Male) |
| 9:44 | Create | Villager (Male) |
| 10:00 | Build | House |
| 10:02 | Create | Villager (Male) |
| 10:03 | Create | Villager (Male) |
| 10:05 | Build | House |
| 10:18 | Create | Villager (Male) |
| 10:18 | Create | Villager (Male) |
| 10:18 | Create | Villager (Male) |
| 10:23 | Build | Archery Range |
| 10:52 | Create | Scout Cavalry |
| 10:55 | Create | Spearman |
| 10:58 | Create | Villager (Male) |
| 10:58 | Create | Villager (Male) |
| 11:00 | Build | Mining Camp |
| 11:11 | Build | House |
| 11:14 | Create | Villager (Male) |
| 11:15 | Create | Villager (Male) |
| 11:15 | Create | Villager (Male) |
| 11:17 | Create | Archer |
| 11:20 | Build | House |
| 11:32 | Build | Farm |
| 11:33 | Create | Villager (Male) |
| 11:33 | Create | Villager (Male) |
| 12:14 | Create | Villager (Male) |
| 12:14 | Create | Archer |
| 12:26 | Create | Scout Cavalry |
| 12:29 | Build | Blacksmith |
| 12:35 | Create | Archer |
| 12:36 | Create | Villager (Male) |
| 12:37 | Create | Villager (Male) |
| 12:37 | Create | Villager (Male) |
| 12:39 | Build | Farm |
| 12:50 | Create | Scout Cavalry |
| 12:57 | Create | Villager (Male) |
| 12:59 | Build | Farm |
| 13:25 | Create | Archer |
| 13:26 | Create | Villager (Male) |
| 13:29 | Build | Farm |
| 13:51 | Research | Fletching |
| 13:51 | Research | Fletching |
| 14:11 | Create | Villager (Male) |
| 14:12 | Create | Archer |
| 14:14 | Build | Archery Range |
| 14:25 | Create | Villager (Male) |
| 14:25 | Create | Villager (Male) |
| 14:30 | Build | Farm |
| 14:32 | Build | Farm |
| 14:34 | Build | Farm |
| 14:42 | Create | Villager (Male) |
| 14:49 | Create | Archer |
| 14:49 | Create | Archer |
| 14:57 | Create | Villager (Male) |
| 14:58 | Create | Villager (Male) |
| 15:36 | Create | Archer |
| 15:36 | Create | Archer |
| 15:36 | Create | Villager (Male) |
| 15:40 | Create | Scout Cavalry |
| 15:40 | Create | Scout Cavalry |
| 15:45 | Build | Farm |
| 16:00 | Create | Villager (Male) |
| 16:00 | Create | Villager (Male) |
| 16:02 | Build | Farm |
| 16:03 | Build | Farm |
| 16:04 | Create | Archer |
| 16:09 | Create | Archer |
| 16:10 | Create | Archer |
| 16:10 | Create | Archer |
| 16:27 | Create | Villager (Male) |
| 16:27 | Create | Villager (Male) |
| 16:42 | Create | Archer |
| 16:42 | Create | Archer |
| 16:44 | Create | Villager (Male) |
| 16:44 | Create | Villager (Male) |
| 16:46 | Build | Farm |
| 17:01 | Create | Scout Cavalry |
| 17:14 | Build | House |
| 17:15 | Build | House |
| 17:15 | Build | House |
| 17:18 | Create | Scout Cavalry |
| 17:19 | Create | Archer |
| 17:20 | Create | Archer |
| 17:21 | Create | Villager (Male) |
| 17:25 | Build | Farm |
| 17:29 | Build | House |
| 17:33 | Research | Wheelbarrow |
| 18:15 | Research | Padded Archer Armor |
| 18:15 | Research | Padded Archer Armor |
| 18:16 | Create | Archer |
| 18:18 | Build | Farm |
| 18:44 | Create | Archer |
| 18:46 | Create | Scout Cavalry |
| 18:47 | Create | Archer |
| 18:47 | Create | Archer |
| 18:50 | Create | Villager (Male) |
| 18:52 | Create | Scout Cavalry |
| 18:53 | Create | Archer |
| 19:17 | Create | Villager (Male) |
| 19:19 | Create | Villager (Male) |
| 19:20 | Build | Market |
| 19:22 | Create | Villager (Male) |
| 19:36 | Create | Scout Cavalry |
| 20:01 | Create | Archer |
| 20:04 | Create | Villager (Male) |
| 20:05 | Build | Farm |
| 20:07 | Build | Farm |
Match timeline
| 1:17 | KSV · wall_segment Palisade Wall x16 |
| 1:44 | KSV · wall_segment Palisade Wall x1 |
| 7:24 | KSV · wall_segment Palisade Wall x3 |
| 7:25 | KSV · wall_segment Palisade Wall x5 |
| 7:53 | CNZS_Daniel · first_building Barracks |
| 7:55 | KSV · wall_segment Palisade Wall x8 |
| 7:56 | KSV · first_building Barracks |
| 8:51 | CNZS_Daniel · age_up feudal |
| 8:53 | CNZS_Daniel · first_building Stable |
| 9:16 | KSV · age_up feudal |
| 9:20 | KSV · first_building Stable |
| 9:30 | KSV · wall_segment Palisade Wall x1 |
| 10:23 | CNZS_Daniel · first_building Archery Range |
| 11:31 | KSV · first_building Archery Range |
| 13:46 | KSV · wall_segment Palisade Wall x1 |
| 19:59 | CNZS_Daniel · first_market_sell 500 stone |
| 20:00 | CNZS_Daniel · first_market_buy 100 food |
| 21:11 | KSV · wall_segment Palisade Wall x7 |
| 21:16 | KSV · first_market_sell 500 stone |
| 21:17 | KSV · first_market_buy 100 food |
| 21:34 | CNZS_Daniel · wall_segment Palisade Wall x6 |
| 21:47 | CNZS_Daniel · wall_segment Palisade Wall x9 |
| 22:03 | KSV · wall_segment Palisade Wall x6 |
| 22:09 | CNZS_Daniel · wall_segment Palisade Wall x3 |
| 22:11 | CNZS_Daniel · wall_segment Palisade Wall x1 |
| 22:28 | CNZS_Daniel · wall_segment Palisade Wall x1 |
| 22:45 | CNZS_Daniel · wall_segment Palisade Wall x5 |
| 23:01 | CNZS_Daniel · wall_segment Palisade Wall x1 |
| 23:40 | CNZS_Daniel · age_up castle |
| 24:06 | KSV · age_up castle |
| 26:17 | CNZS_Daniel · first_building Siege Workshop |
| 31:51 | KSV · first_building Monastery |
| 33:26 | CNZS_Daniel · wall_segment Palisade Wall x1 |
| 34:09 | CNZS_Daniel · first_building Monastery |
| 34:43 | KSV · wall_segment Palisade Wall x1 |
| 34:44 | KSV · wall_segment Palisade Wall x1 |
| 37:58 | CNZS_Daniel · resign |
[ AI ANALYSIS · 1 CREDIT ]
What really happened in this match?
Wolo.gg analyzes every decision: build order, eco, micro, common mistakes by bracket. Personalized analysis on WhatsApp or Discord in 30 seconds.
Civ guide
Huns
Perfil
Jugador #20557174